 Dungeon Crawl Stone Soup version 0.18-a0-884-gb6cfd45 (webtiles) character file.

45 esc the Conjurer (level 3, -1/27 HPs)
             Began as a Draconian Conjurer on Dec 17, 2015.
             Killed from afar by Sigmund (10 damage)
             ... with a puff of flame
             ... on level 2 of the Dungeon on Dec 22, 2015.
             The game lasted 00:06:31 (1732 turns).

esc the Conjurer (Draconian Conjurer)               Turns: 1732, Time: 00:06:32

Health: -1/27      AC:  8    Str: 15    XL:     3   Next: 42%
Magic:  0/6        EV: 12    Int: 16    God:
Gold:   48         SH:  0    Dex: 11    Spells: 2 memorised, 3 levels left

rFire  . . .     SeeInvis .     d - +0 whip
rCold  . . .     Gourm    .     (armour unavailable)
rNeg   . . .     Faith    .     (no shield)
rPois  .         Spirit   .     (helmet restricted)
rElec  .         Dismiss  .     (no cloak)
rCorr  .         Reflect  .     e - +2 pair of gloves
SustAt .         Harm     .     (no boots)
MR     .....                    (no amulet)
Stlth  ++........               (no ring)
                                (no ring)

@: mighty, lethally poisoned (-1 -> -7), not resistant to hostile enchantments,
unstealthy
A: unfitting armour, cold-blooded, AC +5
a: no special abilities


You were on level 2 of the Dungeon.
You were hungry.

You visited 1 branch of the dungeon, and saw 2 of its levels.

You collected 48 gold pieces.

Inventory:

Hand Weapons
 d - a +0 whip (weapon)
   (You took it off a kobold on level 1 of the Dungeon)
Missiles
 i - 20 poisoned needles
Armour
 e - a +2 pair of gloves (worn)
   (You found it on level 1 of the Dungeon)
Potions
 l - a potion of degeneration {!q}
Books
 a - a book of Conjurations
Comestibles
 b - a bread ration {@e1}
 h - a meat ration {@e2}
 m - a chunk of flesh {@w0}


   Skills:
 + Level 0.4 Fighting
 + Level 1.0 Maces & Flails
 + Level 2.4 Dodging
 - Level 1.7 Stealth
 + Level 2.5 Spellcasting
 + Level 4.2 Conjurations


You had 3 spell levels left.
You knew the following spells:

 Your Spells              Type           Power        Failure   Level  Hunger
a - Magic Dart            Conj           ###.         4%          1    #......
b - Dazzling Spray        Conj/Hex       #.......     28%         3    ###....


Dungeon Overview and Level Annotations

Branches:
Dungeon (2/15)

Altars:

Annotations:
D:2 Sigmund


Innate Abilities, Weirdness & Mutations

Your plain brown scales are hard (AC +5).
Your body does not fit into most forms of armour.
You are cold-blooded and may be slowed by cold attacks.


Message History

Read which item? (? for menu, Esc to quit)
As you read the scroll labeled KANWIW MU PIE, it crumbles to dust.
It is a scroll of identify.
Identify which item? (\ to view known items) (? for menu, Esc to quit)
l - a potion of degeneration Read which item? (? for menu, Esc to quit)
As you read the scroll labeled MIPION RUGOHEI, it crumbles to dust.
You assume a fearsome visage.
Nothing appears to happen.
It was a scroll of fear.
Read which item? (? for menu, Esc to quit)
As you read the scroll labeled SUXYFU WOTWEOLIU, it crumbles to dust.
It is a scroll of enchant armour.
You aren't carrying any armour which can be enchanted further.
Read which item? (? for menu, Esc to quit)
As you read the scroll labeled RUECUU LIHELOI, it crumbles to dust.
You feel strangely unstable.
It was a scroll of teleportation.
Found a stone staircase leading down.
Your surroundings suddenly seem different.
Found an escape hatch in the ceiling.
Read which item? (? for menu, Esc to quit)
Okay, then.
Read which item? (? for menu, Esc to quit)
Okay, then.
Okay, then.
Sigmund the Dreaded comes into view.
He is wielding a scythe of venom.
Sigmund moves out of view.
There is an escape hatch in the ceiling here.
You don't know that spell.
Okay, then.
You can't see any susceptible monsters within range! (Use Z to cast anyway.)
Aim: Sigmund, wielding a scythe of venom and wearing a robe The spray of energy hits Sigmund.
You are feeling hungry.
You now have 3/6 mp.
Aim: Sigmund, wielding a scythe of venom and wearing a robe (lightly wounded)
The spray of energy hits Sigmund.
Sigmund casts a spell at you. The puff of flame hits you!
You take 13 damage, and have 14/27 hp.
MASSIVE DAMAGE!!
You now have 0/6 mp.
You don't have enough magic to cast that spell.
There is an escape hatch in the ceiling here.
Sigmund closely misses you. A mysterious force pulls you upwards.
The hatch slams shut behind you.
You start resting.
Eating one of 3 chunks of flesh {@w0}.
You continue eating. x2
Health restored: 27; MP restored: 6 Some of the chunks of flesh in your inventory have rotted away.
There is a stone staircase leading down here.
You climb downwards.
Level annotation: Sigmund A giant cockroach comes into view.
The giant cockroach moves out of view.
There is a stone staircase leading up here.
Sigmund shouts!
Sigmund points at you and mumbles some strange words.
You resist with significant effort.
Aim: Sigmund, wielding a scythe of venom and wearing a robe The spray of energy misses Sigmund.
Sigmund hits you from afar with a scythe of venom!
You are poisoned.
You take 13 damage, and have 14/27 hp.
MASSIVE DAMAGE!!
You now have 3/6 mp.
Okay, then.
Unknown command.
Unknown command.
(D) Dungeon
Where to? (Enter - D:1 @ (x,y), ? - help)
Okay, then.
Aim: Sigmund, wielding a scythe of venom and wearing a robe The spray of energy hits Sigmund.
Sigmund is dazzled.
You feel sick. Sigmund barely misses you.
You take 1 damage, and have 13/27 hp.
You now have 0/6 mp.
Drink which item? (? for menu, Esc to quit)
It was a potion of flight.
You feel very buoyant.
You fly up into the air.
You feel sick.
You take 1 damage, and have 12/27 hp.
Drink which item? (? for menu, Esc to quit)
It was a potion of cancellation.
Your magical effects are unravelling.
You feel magically purged.
You feel sick. Sigmund hits you but does no damage.
You take 1 damage, and have 11/27 hp.
Drink which item? (? for menu, Esc to quit)
It was a potion of might.
You feel very mighty all of a sudden.
You float gracefully downwards.
Sigmund closely misses you.
You feel sick.
You take 1 damage, and have 10/27 hp.
You whack Sigmund!
You are feeling hungry.
You feel sick. Sigmund casts a spell at you.
You resist with significant effort.
Sigmund points at you and mumbles some strange words.
The puff of flame hits you!
You die...

#...###########.#.###
...>...........###.#
......#########.#.##
...........# ##..########
......####.#####..........
.....## #........#######.
#...## ##..############..
##.########..#
#@..........
.............###@##<.@###.
#########........##.#.#
#....###.##.. # #.##.#
#.....# #.##.# ###.###
#.##.# #... #.##.# ###.#
#.#..#######.#
#.>......... .


You could see Sigmund (blind).

Vanquished Creatures
  2 oozes (D:1)
  A giant gecko (D:2)
  3 giant cockroaches
  A hobgoblin (D:1)
  6 jackals (D:1)
  4 kobolds (D:1)
  A ball python (D:1)
  4 bats (D:1)
  3 giant newts (D:1)
  3 goblins (D:1)
  6 rats
34 creatures vanquished.

Notes
Turn   | Place    | Note
--------------------------------------------------------------
     0 | D:1      | esc the Draconian Conjurer began the quest for the Orb.
     0 | D:1      | Reached XP level 1. HP: 14/14 MP: 3/3
    48 | D:1      | Reached skill level 2 in Dodging
    64 | D:1      | HP: 3/14 [kobold/whip (2)]
   350 | D:1      | Reached XP level 2. HP: 14/20 MP: 5/5
   900 | D:1      | Reached XP level 3. HP: 23/27 MP: 6/6
   905 | D:1      | Learned a level 3 spell: Dazzling Spray
  1002 | D:1      | Reached skill level 1 in Maces & Flails
  1398 | D:2      | Upgraded the game from 0.18-a0-824-g47fe746 to 0.18-a0-884-gb6cfd45
  1539 | D:2      | Noticed Sigmund
  1732 | D:2      | Killed from afar by Sigmund

Vault maps used:
D:1:      minmay_arrival_radiant_lines
D:2:      hangedman_feature_mirror, uniq_sigmund, uniq_natasha

Action                   || total
-------------------------++-------
Melee: Unarmed           ||    24
       Whip              ||   106
 Cast: Magic Dart        ||    20
       Dazzling Spray    ||     4
  Use: Scroll            ||     4
       Potion            ||     3
 Stab: Sleeping          ||     3
  Eat: Chunk             ||     3

Vault maps used:
D:1:      minmay_arrival_radiant_lines
D:2:      hangedman_feature_mirror, uniq_sigmund, uniq_natasha

Table legend:
 A = Turns spent in this place as a percentage of turns spent in the entire game.
 B = Non-inter-level travel turns spent in this place as a percentage of non-inter-level travel turns spent in the entire game.
 C = Inter-level travel turns spent in this place as a percentage of turns spent in this place.
 D = Turns resting spent in this place as a percentage of non-inter-level travel turns spent in this place.
 E = Turns spent auto-exploring this place as a percentage of non-inter-level travel turns spent in this place.
 F = Non-inter-level travel turns spent in this place divided by the number of levels of this place that you've seen.
                   A       B       C       D       E      F
               +-------+-------+-------+-------+-------+----------------------
         Total | 100.0 | 100.0 |   0.4 |   1.8 |   7.9 | 228.5
       Dungeon | 100.0 | 100.0 |   0.4 |   1.8 |   7.9 | 228.5
               +-------+-------+-------+-------+-------+----------------------

Table legend:
 A = Kills in this place as a percentage of kills in entire the game.
 B = Kills by you in this place as a percentage of kills by you in the entire game.
 C = Kills by friends in this place as a percentage of kills by friends in the entire game.
 D = Other kills in this place as a percentage of other kills in the entire game.
 E = Experience gained in this place as a percentage of experience gained in the entire game.
 F = Experience gained in this place divided by the number of levels of this place that you have seen.
                   A       B       C       D       E      F
               +-------+-------+-------+-------+-------+----------------------
         Total | 100.0 | 100.0 |  -nan |  -nan | 100.0 |  32.5
       Dungeon | 100.0 | 100.0 |  -nan |  -nan | 100.0 |  32.5
               +-------+-------+-------+-------+-------+----------------------
